SAAA
ATHLETIC CLUB KC RESERVES @ ROYSE CITY TARGARYENS
07/03/2032
 
TOP OF THE 1ST
Athletic Club KC Reserves batting - Pitching for Royse City Targaryens : RHP Emershan Naidoo
Pitching: RHP Emershan Naidoo
Batting: RHB Richard Younger 0-0: Foul Ball, location: 2F
0-1: Swinging Strike
0-2: Ball
1-2: Ball
2-2: Foul Ball, location: 2F
2-2: Foul Ball, location: 2F
2-2: Ground out 3-1 (Groundball, 23)
Batting: RHB Roger Caffyn 0-0: Ball
1-0: Foul Ball, location: 2F
1-1: Ball
2-1: Foul Ball, location: 2F
2-2: Ball
3-2: Ground out 6-3 (Groundball, 6)
Batting: LHB Ramón Morterero 0-0: Ball
1-0: Fly out, F9 (Flyball, 9D)
Top of the 1st over - 0 runs, 0 hits, 0 errors, 0 left on base; Athletic Club KC 0 - Royse City 0
BOTTOM OF THE 1ST
Royse City Targaryens batting - Pitching for Athletic Club KC Reserves : RHP Sook Sung-Man
Pitching: RHP Sook Sung-Man
Batting: LHB Chris Fitzgerald 0-0: Ball
1-0: Ball
2-0: Ball
3-0: Called Strike
3-1: Swinging Strike
3-2: Strikes out looking
Batting: LHB Jayden Laming 0-0: Called Strike
0-1: Called Strike
0-2: Ground out U3 (Groundball, 34)
Batting: RHB Cristo Cuervo 0-0: Fly out, F8 (Flyball, 8RXD)
Bottom of the 1st over - 0 runs, 0 hits, 0 errors, 0 left on base; Athletic Club KC 0 - Royse City 0
TOP OF THE 2ND
Athletic Club KC Reserves batting - Pitching for Royse City Targaryens : RHP Emershan Naidoo
Batting: LHB Manuel Domínguez 0-0: Called Strike
0-1: Ball
1-1: Swinging Strike
1-2: Foul Ball, location: 2F
1-2: Foul Ball, location: 2F
1-2: Fly out, F7 (Flyball, 7LD)
Batting: LHB Kwang-chih Feng 0-0: Called Strike
0-1: Ground out U3 (Groundball, 3D)
Batting: RHB Arturo Annunziato 0-0: Ball
1-0: Foul Ball, location: 2F
1-1: Ball
2-1: Ground out U3 (Groundball, 34)
Top of the 2nd over - 0 runs, 0 hits, 0 errors, 0 left on base; Athletic Club KC 0 - Royse City 0
BOTTOM OF THE 2ND
Royse City Targaryens batting - Pitching for Athletic Club KC Reserves : RHP Sook Sung-Man
Batting: LHB Joe Karnowski 0-0: Ball
1-0: Ball
2-0: Called Strike
2-1: SINGLE (Groundball, 4D)
Batting: LHB Duk-yeo Chin 0-0: Foul Ball, location: 2F
0-1: Ball
1-1: SINGLE (Groundball, 6MD)
Joe Karnowski to second
Runner from 2nd tries for 3rd, SAFE, no throw
Batting: RHB Breanainn Swartwood 0-0: Called Strike
0-1: Called Strike
0-2: Ball
1-2: Foul Ball, location: 2F
1-2: Foul Ball, location: 2F
1-2: Strikes out swinging
Batting: LHB Fernando Ramírez 0-0: Ball
Wild Pitch!
Joe Karnowski scores
Duk-yeo Chin to second
1-0: SINGLE (Groundball, 4MD)
Duk-yeo Chin to third
Runner from 3rd tries for Home, SAFE, throw made home
Batting: RHB José García 0-0: Swinging Strike
0-1: Ball
1-1: Foul Ball, location: 2F
1-2: Grounds into double play, 1-6-3 (Groundball, 13S)
Bottom of the 2nd over - 2 runs, 3 hits, 0 errors, 0 left on base; Athletic Club KC 0 - Royse City 2
TOP OF THE 3RD
Athletic Club KC Reserves batting - Pitching for Royse City Targaryens : RHP Emershan Naidoo
Batting: RHB Shintaro Yamada 0-0: Called Strike
0-1: Fly out, F9 (Flyball, 9LS)
Batting: RHB Tasuku Goto 0-0: Fly out, F9 (Flyball, 9S)
Batting: RHB Tony Osorio 0-0: Ball
1-0: Ball
2-0: Ball
3-0: Called Strike
3-1: Foul Ball, location: 2F
3-2: Base on Balls
Batting: RHB Richard Younger 0-0: Foul Ball, location: 2F
0-1: Called Strike
0-2: Ball
1-2: Strikes out swinging
Top of the 3rd over - 0 runs, 0 hits, 0 errors, 1 left on base; Athletic Club KC 0 - Royse City 2
BOTTOM OF THE 3RD
Royse City Targaryens batting - Pitching for Athletic Club KC Reserves : RHP Sook Sung-Man
Batting: LHB Santiago Miranda 0-0: Called Strike
0-1: Ball
1-1: Ground out 1-3 (Groundball, 13S)
Batting: LHB Chris Fitzgerald 0-0: Called Strike
0-1: Ball
1-1: Ball
2-1: Swinging Strike
2-2: Ball
3-2: Base on Balls
Batting: LHB Jayden Laming 0-0: Fielders Choice at 2nd, 4-6 (Groundball, 34D)
Batting: RHB Cristo Cuervo 0-0: Ball
1-0: Called Strike
1-1: Ball
2-1: Fly out, F5 (Popup, 5SF)
Bottom of the 3rd over - 0 runs, 0 hits, 0 errors, 1 left on base; Athletic Club KC 0 - Royse City 2
TOP OF THE 4TH
Athletic Club KC Reserves batting - Pitching for Royse City Targaryens : RHP Emershan Naidoo
Batting: RHB Roger Caffyn 0-0: Swinging Strike
0-1: Called Strike
0-2: Ball
1-2: Ball
2-2: Ball
3-2: Fly out, F8 (Flyball, 8RXD)
Batting: LHB Ramón Morterero 0-0: Ball
1-0: Called Strike
1-1: Ball
2-1: Foul Ball, location: 2F
2-2: Strikes out looking
Batting: LHB Manuel Domínguez 0-0: Called Strike
0-1: Fly out, F7 (Flyball, 7LDF)
Top of the 4th over - 0 runs, 0 hits, 0 errors, 0 left on base; Athletic Club KC 0 - Royse City 2
BOTTOM OF THE 4TH
Royse City Targaryens batting - Pitching for Athletic Club KC Reserves : RHP Sook Sung-Man
Batting: LHB Joe Karnowski 0-0: Called Strike
0-1: Ball
1-1: Ball
2-1: Swinging Strike
2-2: Ball
3-2: Base on Balls
Batting: LHB Duk-yeo Chin 0-0: SINGLE (Groundball, 34S) (infield hit)
Joe Karnowski to second
Batting: RHB Breanainn Swartwood 0-0: Ball
1-0: Fly out, F8 (Flyball, 8RM)
Batting: LHB Fernando Ramírez 0-0: Ball
1-0: Foul Ball, location: 2F
1-1: Foul Ball, location: 2F
1-2: Grounds into double play, 6-4-3 (Groundball, 6M)
Bottom of the 4th over - 0 runs, 1 hit, 0 errors, 1 left on base; Athletic Club KC 0 - Royse City 2
TOP OF THE 5TH
Athletic Club KC Reserves batting - Pitching for Royse City Targaryens : RHP Emershan Naidoo
Batting: LHB Kwang-chih Feng 0-0: Called Strike
0-1: Ball
1-1: Ball
2-1: Foul Ball, location: 2F
2-2: SINGLE (Groundball, 34D)
Batting: RHB Arturo Annunziato 0-0: Ball
1-0: Foul Ball, location: 2F
1-1: Called Strike
1-2: Strikes out looking
Batting: RHB Shintaro Yamada 0-0: Ball
1-0: Ball
Balk!
Kwang-chih Feng to second
2-0: Swinging Strike
2-1: Swinging Strike
2-2: Foul Ball, location: 2F
2-2: Ball
3-2: Foul Ball, location: 2F
3-2: Base on Balls
Batting: RHB Tasuku Goto 0-0: Ball
1-0: Swinging Strike
1-1: Ball
2-1: Fielders Choice at 2nd, 6-4 (Groundball, 6)
Kwang-chih Feng to third
Batting: RHB Tony Osorio 0-0: Ball
1-0: Ball
2-0: Ball
3-0: Called Strike
3-1: Base on Balls
Tasuku Goto to second
Batting: RHB Richard Younger 0-0: Swinging Strike
0-1: Called Strike
0-2: Foul Ball, location: 2F
0-2: DOUBLE (Flyball, 8LXD)
Kwang-chih Feng scores
Tasuku Goto scores
Tony Osorio to third
Runner from 3rd tries for Home, SAFE, no throw
Batting: RHB Roger Caffyn 0-0: Swinging Strike
0-1: Foul Ball, location: 2F
0-2: Ball
1-2: Foul Ball, location: 2F
1-2: Foul Ball, location: 2F
1-2: Ball
2-2: Ball
3-2: Foul Ball, location: 2F
3-2: Ground out 6-3 (Groundball, 6)
Top of the 5th over - 3 runs, 2 hits, 0 errors, 1 left on base; Athletic Club KC 3 - Royse City 2
BOTTOM OF THE 5TH
Royse City Targaryens batting - Pitching for Athletic Club KC Reserves : RHP Sook Sung-Man
Batting: RHB José García 0-0: Ball
1-0: Fly out, F9 (Flyball, 9S)
Now in RF: Michael Woodard
Batting: LHB Santiago Miranda 0-0: Ball
1-0: Foul Ball, location: 2F
1-1: Called Strike
1-2: Fly out, F9 (Flyball, 9S)
Batting: LHB Chris Fitzgerald 0-0: Ball
1-0: Swinging Strike
1-1: Swinging Strike
1-2: Strikes out looking
Bottom of the 5th over - 0 runs, 0 hits, 0 errors, 0 left on base; Athletic Club KC 3 - Royse City 2
TOP OF THE 6TH
Athletic Club KC Reserves batting - Pitching for Royse City Targaryens : RHP Emershan Naidoo
Batting: LHB Ramón Morterero 0-0: Ball
1-0: Ball
2-0: Ball
3-0: Base on Balls
Batting: LHB Michael Woodard 0-0: Foul Ball, location: 2F
0-1: Foul Ball, location: 2F
0-2: Ball
1-2: Ball
2-2: Ball
3-2: SINGLE (Line Drive, 56D)
Ramón Morterero to second
Batting: LHB Kwang-chih Feng 0-0: Fielders Choice at 2nd, 3-6 (Groundball, 3)
Ramón Morterero to third
Batting: RHB Arturo Annunziato 0-0: SINGLE (Groundball, 4MD)
Ramón Morterero scores
Kwang-chih Feng to second
Batting: RHB Shintaro Yamada 0-0: Ball
1-0: Ball
2-0: Foul Ball, location: 2F
2-1: Grounds into double play, 6-4-3 (Groundball, 6)
Top of the 6th over - 1 run, 2 hits, 0 errors, 1 left on base; Athletic Club KC 4 - Royse City 2
BOTTOM OF THE 6TH
Royse City Targaryens batting - Pitching for Athletic Club KC Reserves : RHP Sook Sung-Man
Batting: LHB Jayden Laming 0-0: SINGLE (Groundball, 23) (infield hit)
Batting: RHB Cristo Cuervo 0-0: Ball
1-0: Called Strike
1-1: Ball
2-1: SINGLE (Line Drive, 8LS)
Jayden Laming to second
Batting: LHB Joe Karnowski 0-0: Ball
1-0: Grounds into double play, 5-4-3 (Groundball, 56)
Jayden Laming to third
Batting: LHB Duk-yeo Chin 0-0: Ball
1-0: Foul Ball, location: 2F
1-1: Foul Ball, location: 2F
1-2: SINGLE (Line Drive, 4) (infield hit)
Jayden Laming scores
Batting: RHB Breanainn Swartwood 0-0: Ball
1-0: Swinging Strike
1-1: Ball
2-1: Ball
3-1: Base on Balls
Duk-yeo Chin to second
Batting: LHB Fernando Ramírez 0-0: Foul Ball, location: 2F
0-1: Foul Ball, location: 2F
0-2: Ball
1-2: Ground out 4-3 (Groundball, 4)
Bottom of the 6th over - 1 run, 3 hits, 0 errors, 2 left on base; Athletic Club KC 4 - Royse City 3
TOP OF THE 7TH
Athletic Club KC Reserves batting - Pitching for Royse City Targaryens : RHP Emershan Naidoo
Pitching: RHP Pak Dong Hyeon
Batting: RHB Tasuku Goto 0-0: Ball
1-0: Ball
2-0: Fly out, F7 (Flyball, 7LS)
Batting: RHB Tony Osorio 0-0: Ball
1-0: Ball
2-0: Called Strike
2-1: Fly out, F6 (Popup, 6MS)
Batting: RHB Richard Younger 0-0: Ball
1-0: Ground out 3-1 (Groundball, 23)
Top of the 7th over - 0 runs, 0 hits, 0 errors, 0 left on base; Athletic Club KC 4 - Royse City 3
BOTTOM OF THE 7TH
Royse City Targaryens batting - Pitching for Athletic Club KC Reserves : RHP Sook Sung-Man
Batting: RHB José García 0-0: Foul Ball, location: 2F
0-1: Ball
1-1: Ball
2-1: Fly out, F4 (Flyball, 34D)
Pitching: LHP Sacco Brouwers
Batting: LHB Santiago Miranda 0-0: Fly out, F8 (Flyball, 8RXD)
Batting: LHB Chris Fitzgerald 0-0: Foul Ball, location: 2F
0-1: Called Strike
0-2: Strikes out swinging
Bottom of the 7th over - 0 runs, 0 hits, 0 errors, 0 left on base; Athletic Club KC 4 - Royse City 3
TOP OF THE 8TH
Athletic Club KC Reserves batting - Pitching for Royse City Targaryens : RHP Pak Dong Hyeon
Batting: RHB Roger Caffyn 0-0: Called Strike
0-1: Foul Ball, location: 2F
0-2: Ball
1-2: Fly out, F3 (Line Drive, 34)
Batting: LHB Ramón Morterero 0-0: Ball
1-0: Ball
2-0: SINGLE (Groundball, 4MD)
Pitching: LHP Ramón Torres
Batting: LHB Michael Woodard 0-0: Called Strike
Ramón Morterero is caught stealing 2nd base
0-1: Ball
1-1: Foul Ball, location: 2F
1-2: Fly out, F8 (Flyball, 89D)
Top of the 8th over - 0 runs, 1 hit, 0 errors, 0 left on base; Athletic Club KC 4 - Royse City 3
BOTTOM OF THE 8TH
Royse City Targaryens batting - Pitching for Athletic Club KC Reserves : LHP Sacco Brouwers
Batting: LHB Jayden Laming 0-0: Ball
1-0: Foul Ball, location: 2F
1-1: Called Strike
1-2: Ground out 6-3 (Groundball, 6)
Batting: RHB Cristo Cuervo 0-0: Foul Ball, location: 2F
0-1: Called Strike
0-2: Foul Ball, location: 2F
0-2: Ball
1-2: Foul Ball, location: 2F
1-2: Ball
2-2: Foul Ball, location: 2F
2-2: Strikes out swinging
Batting: LHB Joe Karnowski 0-0: Ball
1-0: Foul Ball, location: 2F
1-1: Ball
2-1: Foul Ball, location: 2F
2-2: Ball
3-2: Base on Balls
Pitching: LHP António Hernández
Pinch Hitting: LHB Colin Worthington 0-0: Ball
1-0: Foul Ball, location: 2F
1-1: Swinging Strike
1-2: Fly out, F8 (Flyball, 8LD)
Bottom of the 8th over - 0 runs, 0 hits, 0 errors, 1 left on base; Athletic Club KC 4 - Royse City 3
TOP OF THE 9TH
Athletic Club KC Reserves batting - Pitching for Royse City Targaryens : LHP Ramón Torres
Now at SS: Bruce Ingilby
Batting: LHB Kwang-chih Feng 0-0: Ball
1-0: Ball
2-0: Called Strike
2-1: Swinging Strike
2-2: Foul Ball, location: 2F
2-2: Ball
3-2: Foul Ball, location: 2F
3-2: Strikes out swinging
Batting: RHB Arturo Annunziato 0-0: Ball
1-0: Called Strike
1-1: Fly out, F8 (Flyball, 8LD)
Batting: RHB Shintaro Yamada 0-0: Swinging Strike
0-1: Foul Ball, location: 2F
0-2: Strikes out swinging
Top of the 9th over - 0 runs, 0 hits, 0 errors, 0 left on base; Athletic Club KC 4 - Royse City 3
BOTTOM OF THE 9TH
Royse City Targaryens batting - Pitching for Athletic Club KC Reserves : LHP António Hernández
Batting: RHB Breanainn Swartwood 0-0: Foul Ball, location: 2F
0-1: Ball
1-1: Hit by Pitch
Batting: LHB Fernando Ramírez 0-0: Grounds into double play, 4-6-3 (Groundball, 34)
Batting: RHB José García 0-0: Ball
1-0: Foul Ball, location: 2F
1-1: Foul Ball, location: 2F
1-2: Foul Ball, location: 2F
1-2: Ball
2-2: Foul Ball, location: 2F
2-2: Foul Ball, location: 2F
2-2: SINGLE (Groundball, 5D)
Pinch Hitting: SHB Miguel Herrera 0-0: Foul Ball, location: 2F
0-1: SINGLE (Groundball, 56S) (infield hit)
José García to second
Pinch Hitting: SHB Barney Heise 0-0: Ball
1-0: Foul Ball, location: 2F
1-1: Foul Ball, location: 2F
1-2: SINGLE (Line Drive, 89S)
José García to third
Miguel Herrera to second
Runner from 3rd tries for Home, SAFE, no throw
Pinch Hitting: RHB Fokke Willemsen 0-0: Swinging Strike
0-1: Foul Ball, location: 2F
0-2: Foul Ball, location: 2F
0-2: Ball
1-2: Strikes out swinging
Bottom of the 9th over - 1 run, 3 hits, 0 errors, 2 left on base; Athletic Club KC 4 - Royse City 4
TOP OF THE 10TH
Athletic Club KC Reserves batting - Pitching for Royse City Targaryens : LHP Ramón Torres
Now at 1B: Miguel Herrera
Now at 2B: Barney Heise
Now in RF: Gary Malone
Batting: RHB Tasuku Goto 0-0: Called Strike
0-1: Foul Ball, location: 2F
0-2: Ball
1-2: Ball
2-2: SINGLE (Line Drive, 6M)
Batting: RHB Tony Osorio 0-0: Ball
1-0: Bunted foul
1-1: Called Strike
Tasuku Goto steals 2nd base
1-2: Ground out 1-4-3 (Groundball, 15S)
Tasuku Goto to third
Batting: RHB Richard Younger 0-0: Ball
1-0: SINGLE (Groundball, 6MD)
Tasuku Goto scores
Batting: RHB Roger Caffyn 0-0: Called Strike
Richard Younger is caught stealing 2nd base
0-1: Fly out, F7 (Line Drive, 78XD)
Top of the 10th over - 1 run, 2 hits, 0 errors, 0 left on base; Athletic Club KC 5 - Royse City 4
BOTTOM OF THE 10TH
Royse City Targaryens batting - Pitching for Athletic Club KC Reserves : LHP António Hernández
Batting: RHB Cristo Cuervo 0-0: Ball
1-0: Foul Ball, location: 2F
1-1: Ball
2-1: DOUBLE (Line Drive, 78D)
Batting: LHB Joe Karnowski 0-0: Ball
1-0: Ground out 4-3 (Groundball, 4M)
Cristo Cuervo to third
Batting: RHB Bruce Ingilby 0-0: Called Strike
0-1: Called Strike
0-2: Ball
1-2: Ball
2-2: SINGLE (Line Drive, 8LS)
Cristo Cuervo scores
Batting: RHB Breanainn Swartwood 0-0: Ball
1-0: 2-RUN HOME RUN (Flyball, 78D), Distance : 388 ft
Wednesday, September 19th, 2018 - OOTP Baseball 18.8 Build 76